 Dungeon Crawl Stone Soup version 0.27-a0-1140-g099f9bb0e8 (webtiles) character file.

Game seed: 6718726572850130339

21 DemonSlayer the Skirmisher (level 3, 0/29 HPs)
             Began as a Human Berserker on May 10, 2021.
             Was a Follower of Trog.
             Slain by a bat (1 damage)
             ... on level 1 of the Dungeon.
             The game lasted 00:04:16 (1199 turns).

DemonSlayer the Skirmisher (Human Berserker)        Turns: 1199, Time: 00:04:16

Health: 0/29       AC:  2    Str: 18    XL:     3   Next: 5%
Magic:  3/3        EV: 12    Int:  7    God:    Trog [*.....]
Gold:   30         SH:  0    Dex: 12    Spells: 2/2 levels left

rFire    . . .     SeeInvis .   e - +3 mace (vorpal)
rCold    . . .     Faith    .   (no shield)
rNeg     . . .     Spirit   .   b - +0 animal skin
rPois    +         Reflect  .   (no helmet)
rElec    .         Harm     .   (no cloak)
rCorr    .         Rampage  .   (no gloves)
Will     .....                  (no boots)
Stlth    +.........             (no amulet)
HPRegen  0.09/turn              d - ring of poison resistance
MPRegen  0.08/turn              (no ring)

@: on berserk cooldown, slowed, very slow
A: no striking features
a: Renounce Religion, Berserk


You were on level 1 of the Dungeon.
You worshipped Trog.
Trog was aware of your devotion.
You visited 1 branch of the dungeon, and saw 1 of its levels.

You collected 30 gold pieces.

Inventory:

Hand Weapons
 a - a +0 falchion
 e - a +3 vorpal mace (weapon)
Armour
 b - a +0 animal skin (worn)
Jewellery
 d - a ring of poison resistance (left hand)
Scrolls
 c - a scroll of brand weapon


   Skills:
 + Level 3.5 Fighting
 + Level 3.2 Long Blades
 + Level 2.0 Armour
 + Level 2.2 Dodging
 + Level 0.1 Stealth


You had 2 spell levels left.
You didn't know any spells.
Your spell library was empty.

Dungeon Overview and Level Annotations

Branches:
Dungeon (1/15)

Altars:


Message History

The jackal barely misses you. The jackal bites you.
* * * LOW HITPOINT WARNING * * *
The bat barely misses you. x2; The jackal closely misses you.
The bat closely misses you.
As you read the scroll labelled XOMEAPN HAOZI, it crumbles to dust.
It is a scroll of brand weapon.
Your +3 mace of protection emits a brilliant flash of light!
e - a +3 vorpal mace (weapon)
The bat misses you. The bat closely misses you.
The jackal barely misses you. x2
You barely miss the jackal. The bat barely misses you.
The jackal pauses to sniff the ground.
The jackal closely misses you. The jackal bites you.
* * * LOW HITPOINT WARNING * * *
The bat closely misses you. The jackal barely misses you.
The bat closely misses you.
You miss the jackal. The bat closely misses you. The jackal bites you.
* * * LOW HITPOINT WARNING * * *
The jackal closely misses you. The bat barely misses you.
The jackal bites you but does no damage.
You hit the jackal.
You kill the jackal!
Trog accepts your kill. The bat hits you but does no damage.
The frilled lizard bites you.
* * * LOW HITPOINT WARNING * * *
The bat barely misses you.
The frilled lizard hisses.
The frilled lizard closely misses you.
You have reached level 3!
Your experience leads to an increase in your attributes!
Increase (S)trength, (I)ntelligence, or (D)exterity?
You feel stronger.
You hit the frilled lizard.
You kill the frilled lizard!
Trog accepts your kill. The bat hits you but does no damage. The bat hits you.
* * * LOW HITPOINT WARNING * * *
The bat hits you but does no damage. The bat hits you.
You die...

############ #..........#
#..........# #..........#
######## #..........# #......#
#..........########..(...#
####................##......#
..............).###..#......####
............###b@..†).).........
#...#........#########..........
#.#.#........... ......[......
#.#.####.##.......(.............
#.#.# #.#######.####...........
#...## #.# # ##..........
##...###.###. #..........
##....#..... ...w.....##
###....##..


You could see a bat.

Vanquished Creatures
  A bat (D:1)
  An endoplasm (D:1)
  A giant cockroach (D:1)
  3 goblins (D:1)
  2 hobgoblins (D:1)
  4 jackals (D:1)
  A frilled lizard (D:1)
  3 kobolds (D:1)
  2 rats (D:1)
18 creatures vanquished.

Notes
Turn   | Place    | Note
-------+----------+-------------------------------------------
     0 | D:1      | DemonSlayer the Human Berserker began the quest for the
                  | Orb.
     0 | D:1      | Reached XP level 1. HP: 18/18 MP: 1/1
    20 | D:1      | Found a faded altar of an unknown god.
   482 | D:1      | Reached XP level 2. HP: 14/24 MP: 2/2
  1197 | D:1      | HP: 1/24 [frilled lizard (1)]
  1198 | D:1      | Reached XP level 3. HP: 2/29 MP: 3/3
  1199 | D:1      | Slain by a bat

Illustrated notes

Levels and vault maps discovered:
D:1:      elethiomel_arrival_quiet, layout_rooms, basic_ecumenical_altar,
          minmay_crystal_room

Action                   || total
-------------------------++-------
Melee: Falchion          ||    14
       Mace              ||    33
Invok: Berserk           ||     1
  Use: Scroll            ||     1
Armor: Animal skin       ||    60
Dodge: Dodged            ||   126
       Rpst.: Falchion   ||     1

Table legend: (Time is in decaauts)
 A = Elapsed time spent in this place.
 B = Non-inter-level travel time spent in this place.
 C = Inter-level travel time spent in this place.
 D = Time resting spent in this place.
 E = Time spent auto-exploring this place.
 F = Levels seen in this place.
 G = Mean time per level.
                   A        B        C        D        E       F      G
               +--------+--------+--------+--------+--------+-----+--------+
         Total |   1219 |   1219 |      0 |    916 |     33 |   1 | 1219.0 |
       Dungeon |   1219 |   1219 |      0 |    916 |     33 |   1 | 1219.0 |
               +--------+--------+--------+--------+--------+-----+--------+

Top non-repeatable levels by time:
     D:1: 1219 daAuts
